 Dungeon Crawl Stone Soup version 0.24-a0-201-gf205589 (webtiles) character file.

Game seed: 7659888756758213988

385 Borgoz the Cutter (level 6, -6/55 HPs)
             Began as a Gargoyle Gladiator on Mar 25, 2019.
             Mangled by an ogre
             ... wielding a cursed -1 giant club
              (15 damage)
             ... on level 3 of the Dungeon.
             The game lasted 00:10:01 (3043 turns).

Borgoz the Cutter (Gargoyle Gladiator)              Turns: 3043, Time: 00:10:02

Health: -6/55      AC: 23    Str: 18    XL:     6   Next: 77%
Magic:  9/9        EV:  2    Int: 10    God:
Gold:   246        SH:  0    Dex: 11    Spells: 9/9 levels left

rFire    . . .     SeeInvis .   a - +0 rapier
rCold    . . .     Gourm    .   (no shield)
rNeg     + + +     Faith    .   (armour currently unavailable)
rPois    ∞         Spirit   .   (helmet currently unavailable)
rElec    .         Reflect  .   (cloak currently unavailable)
rCorr    .         Harm     .   (gloves currently unavailable)
MR       +....     NoTele   +   (boots currently unavailable)
Stlth    ++........             (no amulet)
HPRegen  0.18/turn              p - ring of protection from magic
MPRegen  0.11/turn              s - ring of positive energy

@: tree-form
A: negative energy resistance 1, petrification resistance, rot immunity, AC +4
a: no special abilities


You were on level 3 of the Dungeon.
You were hungry.
You were a tree.
You visited 1 branch of the dungeon, and saw 4 of its levels.

You collected 246 gold pieces.

Inventory:

Hand Weapons
 a - a +0 rapier (weapon)
Missiles
 d - 3 throwing nets (quivered)
Armour
 b - a +0 leather armour (melded)
 c - a +0 helmet (melded)
Jewellery
 g - an uncursed ring of flight {unknown}
 p - a ring of protection from magic (left branch)
 s - a ring of positive energy (right branch)
Scrolls
 h - 3 scrolls of teleportation {unknown}
 i - a scroll of fear {unknown}
 l - a scroll of remove curse {unknown}
 t - a scroll of noise {unknown}
 v - a scroll of immolation {unknown}
 w - a scroll of blinking {unknown}
 x - a scroll of enchant armour {unknown}
Potions
 e - a potion of heal wounds {unknown}
 j - a potion of invisibility {unknown}
 k - a potion of cancellation {unknown}
 m - a potion of haste {unknown}
 n - a potion of lignification
 o - a potion of ambrosia {unknown}
 q - 2 potions of curing
 r - 3 potions of agility
 u - 3 potions of brilliance {unknown}
Comestibles
 f - 9 rations


   Skills:
 + Level 3.3 Fighting
 + Level 3.6 Short Blades
 + Level 2.8 Throwing
 + Level 2.3 Armour
 + Level 3.2 Dodging
 + Level 2.8 Stealth
 + Level 2.0 Spellcasting


You had 9 spell levels left.
You didn't know any spells.
Your spell library was empty.

Dungeon Overview and Level Annotations

Branches:
Dungeon (4/15)
 Temple: D:4-7

Altars:
Trog
The Shining One


Innate Abilities, Weirdness & Mutations

You are resistant to torment.
((Your stone body is resilient. (AC +4)))
You are immune to poison.
You resist negative energy. (rN+)
((You are resistant to electric shocks. (rElec)))
((You can survive without breathing.))
You are immune to petrification.
You are immune to rotting.


Message History

You turn into a tree.
Your +0 helmet melds into your body.
Your +0 leather armour melds into your body.
Your roots penetrate the ground.
The ogre hits you but does no damage. The orc hits you with a +0 short sword.
* * * LOW HITPOINT WARNING * * *
There are monsters nearby!
Unknown command.
You hit the ogre.
The ogre is heavily wounded.
The orc hits you but does no damage.
The ogre hits you with a cursed -1 giant club.
* * * LOW HITPOINT WARNING * * *
You closely miss the ogre.
The ogre is heavily wounded.
You are feeling hungry.
The orc hits you but does no damage.
You hit the ogre.
The ogre is severely wounded.
The ogre hits you with a cursed -1 giant club!
You die...

#.#.###.###.#.#.#
#.#.#.......#.#.#
#.#.#.#.#####.#.#
#.#.#.#.## #.#.#########
..#.#.#..# #.#.........#
....#.#..# #.#..######.#
..#......####.#..######+##
..#.#.........#..........#
............(...♣O.......#
..#.............#o.......#
..#####.#########........#
..#..........# #........#
..#.###)####.# #........#
#.#.#......#.# #........#
..#........#.#
#######'####
#..###..####.#
#..........# ........# #.#
#..........#


You could see an ogre and an orc.

Vanquished Creatures
  A water moccasin skeleton (D:4)
  A crimson imp (D:4)
  A jelly (D:4)
  An orc wizard (D:4)
  A worker ant (D:4)
  2 hound skeletons (D:4)
  Robin (D:2)
  4 gnolls (D:3)
  A howler monkey skeleton (D:4)
  4 adders
  2 worms (D:2)
  A dart slug (D:4)
  3 leopard geckos
  4 orcs
  2 ball pythons
  6 giant cockroaches
  18 goblins
  7 hobgoblins
  2 jackals (D:2)
  6 quokkas
  8 bats
  4 frilled lizards
  7 kobolds
  7 rats
  A toadstool (D:1)
95 creatures vanquished.

Vanquished Creatures (others)
  3 toadstools (D:1)
3 creatures vanquished.

Grand Total: 98 creatures vanquished

Notes
Turn   | Place    | Note
-------+----------+-------------------------------------------
     0 | D:1      | Borgoz the Gargoyle Gladiator began the quest for the Orb.
     0 | D:1      | Reached XP level 1. HP: 12/12 MP: 1/1
   124 | D:1      | Reached XP level 2. HP: 17/17 MP: 2/2
   443 | D:2      | Reached XP level 3. HP: 18/22 MP: 3/3
   461 | D:2      | Reached skill level 1 in Stealth
   634 | D:2      | Reached XP level 4. HP: 19/27 MP: 5/5
   770 | D:2      | Reached skill level 1 in Armour
   839 | D:2      | Reached skill level 1 in Spellcasting
  1101 | D:2      | Noticed Robin
  1188 | D:2      | Killed Robin
  1265 | D:3      | Reached XP level 5. HP: 19/31 MP: 6/6
  1411 | D:3      | Found a bloodstained altar of Trog.
  2365 | D:4      | Reached XP level 6. HP: 20/37 MP: 8/8
  2373 | D:4      | Found a glowing golden altar of the Shining One.
  3043 | D:3      | Mangled by an ogre

Levels and vault maps discovered:
D:1:      ldierk_water_garden, layout_rooms, feat_on_display
D:2:      layout_basic, first_ration, minmay_heptomino_o4, uniq_robin
D:3:      layout_basic, trog_butcher_becter
D:4:      layout_loops_cross, overflow_temple_1_default, temple_fountains,
          nrook_loot_triangle, nicolae_ru_the_path_less_chosen

Skill      XL: |  1  2  3  4  5  6 |
---------------+-------------------+-----
Throwing       | 2 |  2.8
Short Blades   | 3 |  3.6
Stealth        | 1 2 |  2.8
Armour         | 1 2 |  2.3
Spellcasting   | 1 2 |  2.0
Fighting       | 3 |  3.3
Dodging        | 3 |  3.2

Action                   |  1- 3 |  4- 6 || total
-------------------------+-------+-------++-------
Melee: Rapier            |   124 |   281 ||   405
  Use: Scroll            |       |     3 ||     3
       Potion            |       |     2 ||     2
 Stab: Sleeping          |     1 |     1 ||     2
  Eat: Chunk             |       |     7 ||     7
Armor: Leather armour    |    61 |   113 ||   174
       Skin              |       |     3 ||     3
Dodge: Dodged            |   100 |   154 ||   254

Table legend:
 A = Non-vault XP
 B = Vault XP
 C = Vault XP percentage of total XP
 D = Non-vault monster count
 E = Vault monster count
 F = Vault count percentage of total count
                 A         B        C        D         E       F
            +---------+---------+-------+---------+---------+-------
      Total |     491 |      59 |  10.7 |      76 |      18 |  19.1
            +---------+---------+-------+---------+---------+-------
        D:1 |      26 |       0 |   0.0 |      16 |       0 |   0.0
        D:2 |      82 |      50 |  37.9 |      29 |      14 |  32.6
        D:3 |      97 |       9 |   8.5 |      19 |       4 |  17.4
        D:4 |     286 |       0 |   0.0 |      12 |       0 |   0.0
            +---------+---------+-------+---------+---------+-------
